 Dungeon Crawl Stone Soup version 0.30-a0-857-gcaf70739d4 (webtiles) character file.

Game seed: 922963401676404168

233 demibob the Cudgeller (level 5, 0/37 HPs)
             Began as a Demonspawn Wanderer on Mar 5, 2023.
             Was a Follower of Qazlal.
             Slain by a hobgoblin
             ... wielding a +0 short sword
              (3 damage)
             ... on level 3 of the Dungeon.
             The game lasted 00:05:53 (2052 turns).

demibob the Cudgeller (Demonspawn Wanderer)         Turns: 2052, Time: 00:05:53

Health: 0/37       AC:  5    Str: 14    XL:     5   Next: 75%
Magic:  6/6        EV: 10    Int: 14    God:    Qazlal [*.....]
Gold:   100        SH:  8    Dex: 12    Spells: 5/6 levels left

rFire   + . .      SeeInvis .    a - +0 mace
rCold   . . .      Faith    +    h - +2 buckler {rF+}
rNeg    + . .      Spirit   .    i - +0 troll leather armour {Pargi}
rPois   .          Reflect  .    (no helmet)
rElec   .          Rampage  .    (no cloak)
rCorr   .                        (no gloves)
Will    .....                    (no boots)
Stlth   +                        j - amulet of faith {!P}
HPRegen 1.06/turn                N - ring of positive energy
MPRegen 0.10/turn                (no ring)

@: no status effects
A: claws 1, sharp scales 1, demonic magic 1
a: Renounce Religion


You were on level 3 of the Dungeon.
You worshipped Qazlal.
Qazlal was aware of your devotion.
You visited 1 branch of the dungeon, and saw 3 of its levels.
You also visited: Sewer.

You collected 100 gold pieces.


Innate Abilities, Weirdness & Mutations

You have sharp fingernails.
You are partially covered in razor-sharp scales. (AC +1, Slay +1)
Spells you cast may paralyse adjacent enemies.


   Skills:
 - Level 1.0 Fighting
 + Level 4.5 Maces & Flails
 - Level 2.6 Armour
 - Level 1.0 Stealth
 + Level 2.0 Shields
 - Level 1.0 Spellcasting
 - Level 1.0 Hexes
 - Level 1.2 Invocations
 - Level 2.0 Evocations


You had 5 spell levels left.
You knew the following spells:

 Your Spells              Type           Power      Damage    Failure   Level
s - Slow                  Hex            12%        N/A       28%         1

Your spell library contained the following spells:

 Spells                   Type           Power      Damage    Failure   Level
 Shock                    Conj/Air       0%         1d3       41%         1
 Confusing Touch          Hex            3%         N/A       65%         3
 Swiftness                Air            0%         N/A       78%         3
 Airstrike                Air            0%         2d(0-16)  99%         4

Inventory:

Hand Weapons
 a - a +0 mace (weapon)
 f - a +0 club
Armour
 h - a +2 buckler of fire resistance (worn)
 i - a +0 troll leather armour (worn) {Pargi}
Jewellery
 j - an amulet of faith (around neck) {!P}
 N - a ring of positive energy (left claw)
Scrolls
 g - a scroll of identify {@r1}
 k - a scroll of fog {unknown}
 l - a scroll of teleportation {unknown}
Potions
 b - a potion of haste {unknown}
 c - a potion of lignification
 e - 2 potions of curing {@q1}
Miscellaneous
 d - a phial of floods

Dungeon Overview and Level Annotations

Branches:
Dungeon (3/15)              Sewer (visited)

Altars:
Kikubaaqudgha
Qazlal

~~......# *,****** ~~......# *,*
**** ...).÷÷÷# ####*******,* *,,,
..####..# #..,,,,,,,,,* *,**
#......## #.####*###*,***,,,
#####.##########.#..,...#*,,,,,,,
#.........g.K#.##.#.#*,**,,,,
#.#########gW#.#....#*,**,,,, #.#
#g@........,,,,,,,, #.#
##.°§.#....*,,**,,,, #.#
#.....#*,#.,,,,,,,,, #.####
#.....#*,***,,,,,,,, #....#
#.....#,,,**,***,,,, ####.#
##.....,,,,,,,,,,,,, #.#
*#.#....,,**,***,,,,
##.#####........***,,,,,,,,
#................*,,,,,,,,,


You could see a phantom, 2 gnolls, a hobgoblin and a kobold.


Message History

The gnoll hits you with a +0 spear.
* * * LOW HITPOINT WARNING * * *
The hobgoblin hits you with a +0 short sword.
* * * LOW HITPOINT WARNING * * *
You block the gnoll's attack. You block the phantom's attack.
You are too injured to fight recklessly!
You sock the phantom!
The phantom is moderately damaged.
The gnoll barely misses you. The hobgoblin closely misses you.
The phantom closely misses you.
Okay, then.
You barely miss the phantom.
The phantom is moderately damaged.
You block the gnoll's attack. The gnoll hits you with a +0 spear.
* * * LOW HITPOINT WARNING * * *
You block the hobgoblin's attack. The phantom closely misses you.
You closely miss the phantom.
The phantom is moderately damaged.
The gnoll hits you from afar with a +0 spear.
* * * LOW HITPOINT WARNING * * *
The phantom closely misses you.
The hobgoblin hits you but does no damage.
You closely miss the phantom.
The phantom is moderately damaged.
The gnoll hits you from afar with a +0 spear.
* * * LOW HITPOINT WARNING * * *
The gnoll hits you with a +0 spear!
* * * LOW HITPOINT WARNING * * *
The hobgoblin hits you with a +0 short sword.
You die...

Skill      XL: |  1  2  3  4  5 |
---------------+----------------+-----
Maces & Flails | 1 2 3 4 |  4.5
Shields        | 1 2 |  2.0
Fighting       | |  1.0
Armour         | |  2.6
Stealth        | |  1.0
Spellcasting   | |  1.0
Hexes          | |  1.0
Invocations    | |  1.2
Evocations     | |  2.0

Action                     |  1- 3 |  4- 6 || total
---------------------------+-------+-------++-------
  Melee: Club              |    87 |       ||    87
         Mace              |    58 |   108 ||   166
  Evoke: Phial of floods   |       |     1 ||     1
    Use: Scroll            |       |     8 ||     8
 Armour: Scale mail        |    82 |    67 ||   149
         Troll leather arm |       |     4 ||     4
  Dodge: Dodged            |    83 |    65 ||   148
  Block: Buckler           |       |    44 ||    44

Levels and vault maps discovered:
D:1:      lightli_arrival_noodles, layout_basic,
          shapermc_ecumenical_altar_totnotflames
D:2:      layout_rooms, basic_altar, minmay_pentomino_q2
D:3:      kennysheep_the_goblin_king, layout_loops_ring,
          nicolae_overflow_hidden_temple, portal_sewer_entry_e,
          minmay_fractal_squares_5, uniq_ijyb

Notes
Turn   | Place    | Note
-------+----------+-------------------------------------------
     0 | D:1      | demibob the Demonspawn Wanderer began the quest for the
                  | Orb.
     0 | D:1      | demibob set off with the following items: a +0 club, a +0
                  | scale mail, a potion of lignification, a phial of floods;
                  | and the following spell memorised: Slow; and the following
                  | spells available to memorise: Confusing Touch.
     0 | D:1      | Reached XP level 1. HP: 15/15 MP: 2/2
    40 | D:1      | Reached skill level 1 in Maces & Flails
    84 | D:1      | Gained mutation: You are partially covered in razor-sharp
                  | scales. (AC +1, Slay +1) [demonic ancestry]
    84 | D:1      | Reached XP level 2. HP: 21/21 MP: 3/3
   283 | D:1      | Reached skill level 2 in Maces & Flails
   343 | D:1      | Found a faded altar of an unknown god.
   922 | D:2      | Gained mutation: You have sharp fingernails. [demonic
                  | ancestry]
   922 | D:2      | Reached XP level 3. HP: 26/26 MP: 4/4
   931 | D:2      | Found an ancient bone altar of Kikubaaqudgha.
  1093 | D:2      | Reached skill level 3 in Maces & Flails
  1418 | D:2      | Reached XP level 4. HP: 32/32 MP: 5/5
  1645 | D:1      | Prayed at the altar of an unknown god.
  1645 | D:1      | Became a worshipper of Qazlal Stormbringer
  1645 | D:1      | Reached * piety under Qazlal
  1773 | D:3      | Found a glowing drain.
  1799 | Sewer    | Entered a sewer
  1851 | Sewer    | Reached skill level 4 in Maces & Flails
  1901 | Sewer    | Noticed Pargi
  1911 | Sewer    | Killed Pargi
  1912 | Sewer    | Reached skill level 1 in Shields
  1912 | Sewer    | Gained mutation: Spells you cast may paralyse adjacent
                  | enemies. [demonic ancestry]
  1912 | Sewer    | Reached XP level 5. HP: 30/37 MP: 6/6
  2027 | D:3      | Noticed a phantom
  2042 | D:3      | Reached skill level 2 in Shields
  2052 | D:3      | HP: 3/37 [gnoll/+0 spear (8)]
  2052 | D:3      | Slain by a hobgoblin

Vanquished Creatures
  Pargi (Sewer)
  A hound (D:3)
  4 adders
  A gnoll (D:3)
  A worm (D:3)
  2 dart slugs
  9 ball pythons
  2 endoplasms
  3 giant cockroaches
  6 goblins
  2 hobgoblins
  6 jackals
  2 quokkas (D:1)
  2 bats
  2 frilled lizards
  5 kobolds
  8 rats
57 creatures vanquished.

Table legend: (Time is in decaauts)
 A = Elapsed time spent in this place.
 B = Non-inter-level travel time spent in this place.
 C = Inter-level travel time spent in this place.
 D = Time resting spent in this place.
 E = Time spent auto-exploring this place.
 F = Levels seen in this place.
 G = Mean time per level.
                   A        B        C        D        E       F      G
               +--------+--------+--------+--------+--------+-----+--------+
         Total |   2116 |   2015 |    101 |    100 |   1311 |   4 |  529.0 |
       Dungeon |   1900 |   1799 |    101 |    100 |   1186 |   3 |  633.3 |
         Sewer |    215 |    215 |      0 |      0 |    125 |   1 |  215.0 |
               +--------+--------+--------+--------+--------+-----+--------+

Top non-repeatable levels by time:
     D:1: 965 daAuts
     D:2: 756 daAuts
   Sewer: 215 daAuts
     D:3: 178 daAuts

Table legend:
 A = Non-vault XP
 B = Vault XP
 C = Vault XP percentage of total XP
 D = Non-vault monster count
 E = Vault monster count
 F = Vault count percentage of total count
                 A         B        C        D         E       F
            +---------+---------+-------+---------+---------+-------
      Total |     148 |     186 |  55.7 |      41 |      16 |  28.1
            +---------+---------+-------+---------+---------+-------
        D:1 |      38 |       0 |   0.0 |      21 |       0 |   0.0
        D:2 |      51 |      14 |  21.5 |      16 |       2 |  11.1
        D:3 |      59 |      14 |  19.2 |       4 |       8 |  66.7
      Sewer |       0 |     158 | 100.0 |       0 |       6 | 100.0
            +---------+---------+-------+---------+---------+-------
